 Dungeon Crawl Stone Soup version 0.28.0-53-g5a82cb258f (webtiles) character file.

Game seed: 15649187623826639006

131 infcreate the Sneak (level 4, -2/24 HPs)
             Began as a Vampire Enchanter on July 27, 2022.
             Slain by a gnoll
             ... wielding a +0 flail
              (10 damage)
             ... on level 3 of the Dungeon.
             The game lasted 00:06:31 (2987 turns).

infcreate the Sneak (Vampire Enchanter)             Turns: 2987, Time: 00:06:32

Health: -2/24      AC:  4    Str:  7    XL:     4   Next: 91%
Magic:  0/8        EV: 13    Int: 17    God:
Gold:   44         SH:  0    Dex: 16    Spells: 0/8 levels left

rFire   . . .      SeeInvis +   d - +1 dagger (elec)
rCold   + + .      Faith    .   (no shield)
rNeg    + + +      Spirit   .   b - +1 robe
rPois   ∞          Reflect  .   j - +0 helmet
rElec   .          Harm     .   (no cloak)
rCorr   .          Rampage  .   (no gloves)
Will    .....                   (no boots)
Stlth   +++++.....              (no amulet)
HPRegen 0.00/turn               (no ring)
MPRegen 0.11/turn               (no ring)

@: confusing by touch, bloodless, inhibited regen
A: bloodless, fangs 3, see invisible, vampiric 2
a: Bat Form, Revivify


You were on level 3 of the Dungeon.
You visited 1 branch of the dungeon, and saw 3 of its levels.

You collected 44 gold pieces.


Innate Abilities, Weirdness & Mutations

You do not regenerate when monsters are visible.
You are frail without blood (-20% HP).
You can heal yourself when you bite living creatures.
You are immune to poison.
You have razor-sharp teeth.
You have supernaturally acute eyesight. (SInv)
You are afflicted with vampirism and can become a bat while bloodless.


   Skills:
 + Level 2.4 Short Blades
 + Level 3.2 Dodging
 + Level 5.5 Stealth
 + Level 2.7 Spellcasting
 + Level 5.3 Hexes


You couldn't memorise any spells.
You knew the following spells:

 Your Spells              Type           Power      Damage    Failure   Level
c - Confusing Touch       Hex            20%        N/A       6%          3
d - Tukima's Dance        Hex            20%        N/A       6%          3
e - Ensorcelled Hibernat  Hex/Ice        22%        N/A       9%          2

Your spell library contained the following spells:

 Spells                   Type           Power      Damage    Failure   Level
 Dazzling Flash           Conj/Hex       22%        N/A       19%         3

Inventory:

Hand Weapons
 d - a +1 dagger of electrocution (weapon)
Armour
 b - a +1 robe (worn)
 j - a +0 helmet (worn)
Scrolls
 a - a scroll of enchant armour
 f - a scroll of teleportation {unknown}
 g - a scroll of immolation
Potions
 c - a potion of invisibility
 e - a potion of resistance
 h - 2 potions of curing {@q1}
 i - a potion of flight

Dungeon Overview and Level Annotations

Branches:
Dungeon (3/15)

Altars:

Annotations:
D:2 Sigmund

#.## ###.##...##.##
# #..# #.......###.#
# ##.#
#.....#..##.#### #.#
#.....##........
#(###.##..........##
#.....##............
#.....##.####..##...
#.g..(..............
#.g@†..#.###...#####
#)##.........#.#####
#.##.........#.##...
#g##)).......#....#.
#.##................
#.########..........
#.# #.......#.## #.#
#.........## #.#
#.........).


You could see 2 gnolls.


Message History

Confirm with . or Enter, or press ? or * to list all spells.
The spell is quite dangerous to miscast (6% risk of failure)!
Continue anyway?
Okay, then.
Casting: Tukima's Dance (quite dangerous; 6% risk of failure)
Confirm with . or Enter, or press ? or * to list all spells.
The spell is quite dangerous to miscast (6% risk of failure)!
Continue anyway?
Aiming: Tukima's Dance (quite dangerous; 6% risk of failure)
Press: ? - help, Shift-Dir - straight line, f - gnoll
Aim: a gnoll, wielding a +0 spear (chance to affect: 62%)
The +0 spear dances into the air!
You hit the gnoll.
The gnoll is lightly wounded.
The gnoll barely misses you.
You barely miss the gnoll.
The gnoll is lightly wounded.
The gnoll hits you.
The gnoll hits your +0 spear with a +0 flail!
Your +0 spear falls from the air.
You hit the gnoll but do no damage.
The gnoll is lightly wounded.
The gnoll completely misses you.
Casting: Tukima's Dance (quite dangerous; 6% risk of failure)
Confirm with . or Enter, or press ? or * to list all spells.
The spell is quite dangerous to miscast (6% risk of failure)!
Continue anyway?
Your hands begin to glow red.
The gnoll barely misses you. The gnoll hits you with a +0 flail.
* * * LOW HITPOINT WARNING * * *
You barely miss the gnoll. The gnoll barely misses you.
The gnoll hits you with a +0 flail!
You die...

Skill      XL: |  1  2  3  4 |
---------------+-------------+-----
Stealth        | 5 |  5.5
Short Blades   | 2 |  2.4
Hexes          | 5 |  5.3
Dodging        | 3 |  3.2
Spellcasting   | |  2.7

Action                   |  1- 3 |  4- 6 || total
-------------------------+-------+-------++-------
Melee: Dagger            |    71 |    64 ||   135
       Punch             |     2 |       ||     2
       Bite              |     3 |     7 ||    10
 Cast: Ensorcelled Hiber |    10 |    24 ||    34
       Confusing Touch   |     2 |     5 ||     7
       Tukima's Dance    |       |     4 ||     4
 Abil: Exsanguinate      |     1 |       ||     1
  Use: Scroll            |     1 |     4 ||     5
 Stab: Sleeping          |    20 |    20 ||    40
       Confused          |     1 |     4 ||     5
Armor: Robe              |     6 |     9 ||    15
Dodge: Dodged            |    32 |    34 ||    66

Levels and vault maps discovered:
D:1:      minmay_arrival_four_circles, layout_basic
D:2:      layout_basic, hellmonk_ecumenical_altar_inner_sanctum, uniq_sigmund
D:3:      minmay_bubble_buster, layout_rooms, uniq_robin

Notes
Turn   | Place    | Note
-------+----------+-------------------------------------------
     0 | D:1      | infcreate the Vampire Enchanter began the quest for the
                  | Orb.
     0 | D:1      | Reached XP level 1. HP: 13/13 MP: 3/3
   366 | D:1      | Reached XP level 2. HP: 13/15 MP: 5/5
   369 | D:1      | Learned a level 2 spell: Ensorcelled Hibernation
  1095 | D:2      | Found a faded altar of an unknown god.
  1227 | D:2      | Gained mutation: You are afflicted with vampirism and can
                  | become a bat while bloodless. [Vampire growth]
  1227 | D:2      | Reached XP level 3. HP: 19/19 MP: 6/6
  1231 | D:2      | Learned a level 3 spell: Confusing Touch
  1323 | D:2      | Reached skill level 5 in Stealth
  1472 | D:2      | Reached skill level 2 in Short Blades
  1544 | D:2      | Reached skill level 5 in Hexes
  1645 | D:2      | Reached XP level 4. HP: 24/24 MP: 7/7
  1649 | D:2      | Learned a level 3 spell: Tukima's Dance
  1783 | D:2      | Noticed Sigmund
  1974 | D:3      | Identified a potion of resistance
  2184 | D:3      | Reached skill level 3 in Dodging
  2408 | D:3      | Noticed Robin
  2760 | D:3      | Killed Robin
  2987 | D:3      | Slain by a gnoll

Vanquished Creatures
  Robin (D:3)
  4 gnolls
  2 worms
  A dart slug (D:1)
  3 orcs (D:3)
  10 bats
  6 endoplasms
  2 giant cockroaches (D:1)
  10 goblins
  8 hobgoblins
  2 quokkas (D:1)
  3 ball pythons (D:2)
  4 frilled lizards
  7 kobolds
  6 rats
69 creatures vanquished.

Vanquished Creatures (others)
  A dancing weapon (D:3)
1 creature vanquished.

Grand Total: 70 creatures vanquished

Table legend: (Time is in decaauts)
 A = Elapsed time spent in this place.
 B = Non-inter-level travel time spent in this place.
 C = Inter-level travel time spent in this place.
 D = Time resting spent in this place.
 E = Time spent auto-exploring this place.
 F = Levels seen in this place.
 G = Mean time per level.
                   A        B        C        D        E       F      G
               +--------+--------+--------+--------+--------+-----+--------+
         Total |   2978 |   2844 |    134 |    519 |   1619 |   3 |  992.7 |
       Dungeon |   2978 |   2844 |    134 |    519 |   1619 |   3 |  992.7 |
               +--------+--------+--------+--------+--------+-----+--------+

Top non-repeatable levels by time:
     D:2: 1152 daAuts
     D:1: 1057 daAuts
     D:3: 769 daAuts

Table legend:
 A = Non-vault XP
 B = Vault XP
 C = Vault XP percentage of total XP
 D = Non-vault monster count
 E = Vault monster count
 F = Vault count percentage of total count
                 A         B        C        D         E       F
            +---------+---------+-------+---------+---------+-------
      Total |     153 |      35 |  18.6 |      58 |      11 |  15.9
            +---------+---------+-------+---------+---------+-------
        D:1 |      36 |       0 |   0.0 |      22 |       0 |   0.0
        D:2 |      66 |       6 |   8.3 |      17 |       3 |  15.0
        D:3 |      51 |      29 |  36.2 |      19 |       8 |  29.6
            +---------+---------+-------+---------+---------+-------
